 Dungeon Crawl Stone Soup version 0.28.0-43-g3370ac3207 (webtiles) character file.

Game seed: 2919570445965274018

31 Ablot the Grasshopper (level 3, 0/31 HPs)
             Began as a Gnoll Warper on Mar 19, 2022.
             Slain by Terence
             ... wielding a +0 flail
              (5 damage)
             ... on level 3 of the Dungeon.
             The game lasted 00:01:29 (1406 turns).

Ablot the Grasshopper (Gnoll Warper)                Turns: 1406, Time: 00:01:30

Health: 0/31       AC:  3    Str: 12    XL:     3   Next: 22%
Magic:  9/9        EV: 12    Int: 12    God:
Gold:   79         SH:  0    Dex: 11    Spells: 10/12 levels left

rFire   . . .      SeeInvis .   i - +2 short sword (drain)
rCold   + . .      Faith    .   (no shield)
rNeg    . . .      Spirit   .   b - +0 leather armour
rPois   .          Reflect  .   (no helmet)
rElec   .          Harm     .   (no cloak)
rCorr   .          Rampage  .   (no gloves)
Will    .....                   (no boots)
Stlth   +.........              (no amulet)
HPRegen 0.10/turn               r - ring of protection from cold
MPRegen 0.11/turn               (no ring)

@: no status effects
A: fangs 1, strong nose, distributed training
a: no special abilities


You were on level 3 of the Dungeon.
You visited 1 branch of the dungeon, and saw 3 of its levels.

You collected 79 gold pieces.

Inventory:

Hand Weapons
 a - a +0 spear
 i - a +2 short sword of draining (weapon)
Missiles
 d - 5 boomerangs of dispersal
 e - 71 arrows
 f - 31 stones (quivered)
 m - 11 sling bullets
Armour
 b - a +0 leather armour (worn)
Jewellery
 n - a ring of flight
 r - a ring of protection from cold (left hand)
Scrolls
 c - a scroll of blinking
 h - a scroll of enchant weapon {unknown}
 j - 3 scrolls of amnesia {unknown}
 l - a scroll of fog {unknown}
 o - a scroll of teleportation {unknown}
 q - 3 scrolls of identify {unknown}
 t - a scroll of summoning {unknown}
Potions
 g - a potion of heal wounds {unknown}
 k - a potion of degeneration {unknown}
 p - 2 potions of flight {unknown}
 s - a potion of mutation {unknown}


   Skills:
 + Level 4.5 Fighting
 + Level 0.7 Short Blades
 + Level 0.7 Long Blades
 + Level 0.7 Axes
 + Level 0.7 Maces & Flails
 + Level 4.5 Polearms
 + Level 0.7 Staves
 + Level 0.7 Slings
 + Level 0.7 Bows
 + Level 0.7 Crossbows
 + Level 2.6 Throwing
 + Level 2.6 Armour
 + Level 4.5 Dodging
 + Level 0.7 Stealth
 + Level 0.7 Shields
 + Level 0.7 Unarmed Combat
 + Level 5.0 Spellcasting
 + Level 0.5 Conjurations
 + Level 0.5 Hexes
 + Level 0.5 Summonings
 + Level 0.5 Necromancy
 + Level 5.4 Translocations
 + Level 0.5 Transmutations
 + Level 0.5 Fire Magic
 + Level 0.5 Ice Magic
 + Level 0.5 Air Magic
 + Level 0.5 Earth Magic
 + Level 0.5 Poison Magic
 + Level 0.9 Invocations
 + Level 0.7 Evocations


You had 10 spell levels left.
You knew the following spells:

 Your Spells              Type           Power      Damage    Failure   Level
a - Blink                 Tloc           32%        N/A       4%          2

Your spell library contained the following spells:

 Spells                   Type           Power      Damage    Failure   Level
 Gell's Gravitas          Tloc           16%        N/A       9%          3
 Lesser Beckoning         Tloc           16%        N/A       9%          3
 Teleport Other           Tloc           16%        N/A       9%          3
 Manifold Assault         Tloc           16%        N/A       58%         5


Dungeon Overview and Level Annotations

Branches:
Dungeon (3/15)

Altars:

Annotations:
D:3 Terence


Innate Abilities, Weirdness & Mutations

You have very sharp teeth.
Your uncanny sense of smell can sniff out nearby items.
Your experience applies equally to all skills.


Message History

Press: ? - help, Q - select action, (/) - cycle Shift-Dir - straight line, f/p - Terence
Aim: Terence, wielding a +0 flail and wearing a +0 chain mail (67% to hit)
You throw a stone.
The stone hits Terence but does no damage.
Unknown command.
You hit Terence but do no damage. Terence hits you with a +0 flail.
Terence looks scornfully at you. Terence misses you.
You hit Terence but do no damage. You drain Terence.
Terence is lightly wounded.
Terence closely misses you.
You closely miss Terence.
Terence is lightly wounded.
Terence hits you with a +0 flail!
You hit Terence but do no damage.
Terence is lightly wounded.
Terence barely misses you.
You hit Terence but do no damage.
Terence is lightly wounded.
Terence hits you with a +0 flail.
You hit Terence. You drain Terence.
Terence is heavily wounded.
Terence hits you with a +0 flail.
You closely miss Terence.
Terence is heavily wounded.
Terence hits you with a +0 flail.
You hit Terence but do no damage.
Terence is heavily wounded.
Terence barely misses you.
You hit Terence but do no damage. You drain Terence.
Terence is heavily wounded.
Terence misses you.
You hit Terence but do no damage. Your bite misses Terence.
Terence is heavily wounded.
Terence hits you with a +0 flail.
* * * LOW HITPOINT WARNING * * *
You hit Terence.
Terence is almost dead.
Terence hits you with a +0 flail.
You die...

+...........+ ∆
#...........#
#...........####
..###+#####.....# ...
####.....### #. ..
+........... #.
####.....###. #.
#######.....###.. #.
#((.@@........#... #[
...(...#########.#....
#. .(...#. .#.....#.
.### #. #..< #+ ###.
.. ###


You could see Terence (drained).

Vanquished Creatures
  A dart slug (D:2)
  2 ball pythons (D:2)
  A bat (D:2)
  2 endoplasms
  4 giant cockroaches
  2 goblins (D:2)
  2 hobgoblins
  2 jackals (D:1)
  2 quokkas
  3 kobolds
  3 rats
24 creatures vanquished.

Notes
Turn   | Place    | Note
-------+----------+-------------------------------------------
     0 | D:1      | Ablot the Gnoll Warper began the quest for the Orb.
     0 | D:1      | Reached XP level 1. HP: 20/20 MP: 6/6
   259 | D:1      | Reached XP level 2. HP: 22/26 MP: 7/7
   265 | D:1      | Learned a level 2 spell: Blink
   340 | D:1      | Found a faded altar of an unknown god.
   763 | D:2      | Reached XP level 3. HP: 16/31 MP: 9/9
   939 | D:2      | Reached skill level 5 in Spellcasting
  1388 | D:3      | Noticed Terence
  1406 | D:3      | Slain by Terence

Illustrated notes

Levels and vault maps discovered:
D:1:      minmay_arrival_four_houses, layout_rooms,
          hellmonk_ecumenical_altar_pennies_from_heaven
D:2:      layout_rooms, grunt_ministairs_4
D:3:      layout_basic, minmay_quantized, uniq_terence

Skill      XL: |  1  2  3 |
---------------+----------+-----
Spellcasting   | 5 |  5.0
Fighting       | |  4.5
Short Blades   | |  0.7
Long Blades    | |  0.7
Axes           | |  0.7
Maces & Flails | |  0.7
Polearms       | |  4.5
Staves         | |  0.7
Slings         | |  0.7
Bows           | |  0.7
Crossbows      | |  0.7
Throwing       | |  2.6
Armour         | |  2.6
Dodging        | |  4.5
Stealth        | |  0.7
Shields        | |  0.7
Unarmed Combat | |  0.7
Conjurations   | |  0.5
Hexes          | |  0.5
Summonings     | |  0.5
Necromancy     | |  0.5
Translocations | |  5.4
Transmutations | |  0.5
Fire Magic     | |  0.5
Ice Magic      | |  0.5
Air Magic      | |  0.5
Earth Magic    | |  0.5
Poison Magic   | |  0.5
Invocations    | |  0.9
Evocations     | |  0.7

Action                   || total
-------------------------++-------
Melee: Short sword       ||    71
       Spear             ||     3
       Bite              ||     1
Throw: Stone             ||     6
 Stab: Sleeping          ||     2
Armor: Leather armour    ||    16
Dodge: Dodged            ||    44
